 Dungeon Crawl Stone Soup version 0.31.0-32-g396128a36d (webtiles) character file.

Game seed: 5347676205237158504

4851 AdnanSaban the Basher (level 10, -2/61 HPs)
             Began as a Gargoyle Fighter on Apr 16, 2024.
             Was an Elder of Okawaru.
             Slain by fedepesso's ghost (23 damage)
             ... on level 8 of the Dungeon.
             The game lasted 00:11:09 (7474 turns).

AdnanSaban the Basher (Gargoyle Fighter)            Turns: 7474, Time: 00:11:09

Health: -2/61      AC: 26    Str: 23    XL:     10   Next: 49%
Magic:  11/13      EV: 11    Int: 10    God:    Okawaru [****..]
Gold:   577        SH:  6    Dex:  9    Spells: 9/9 levels left

rFire   . . .        B - +4 flail
rCold   + + .        c - +0 buckler
rNeg    + . .        l - +2 chain mail {rC+}
rPois   ∞            r - +0 helmet of Joy {Slay+5}
rElec   +            F - +0 cloak
rCorr   .            y - +0 pair of gloves
SInv    .            (no boots)
Will    .....        (no amulet) Stlth
                     H - ring of protection from cold
HPRegen 0.30/turn    (no ring)
MPRegen 0.13/turn

%: no passive effects
@: heroic
A: sickness immunity, AC +7, negative energy resistance 1, electricity
resistance, torment resistance 1, petrification resistance
a: Renounce Religion, Heroism, Finesse


You were on level 8 of the Dungeon.
You worshipped Okawaru.
Okawaru was greatly pleased with you.
You visited 2 branches of the dungeon, and saw 9 of its levels.
You also visited: Sewer.

You collected 577 gold pieces.

Inventory:

Hand Weapons
 B - a +4 flail (weapon)
Missiles
 b - 7 curare-tipped darts
 f - 29 poisoned darts (quivered)
 I - 2 boomerangs
Armour
 c - a +0 buckler (worn)
 l - a +2 chain mail of cold resistance (worn)
 r - the +0 helmet of Joy (worn) {Slay+5}
   (You took it off Robin on level 3 of the Dungeon)

   Slay+5:    It affects your accuracy & damage with ranged weapons and melee
   (+5).
 y - a +0 pair of gloves (worn)
 F - a +0 cloak (worn)
Jewellery
 H - a ring of protection from cold (left hand)
Wands
 q - a wand of polymorph (13)
 A - a wand of iceblast (10)
 D - a wand of mindburst (22)
 J - a wand of flame (14)
Scrolls
 a - a scroll of vulnerability {unknown}
 d - 2 scrolls of revelation {unknown}
 j - 6 scrolls of teleportation {unknown}
 k - 6 scrolls of identify {unknown}
 m - a scroll of enchant weapon {unknown}
 n - 6 scrolls of brand weapon {unknown}
 s - a scroll of blinking {unknown}
 u - a scroll of poison {unknown}
 v - a scroll of noise {unknown}
 w - 2 scrolls of amnesia {unknown}
 x - a scroll of torment {unknown}
 z - 2 scrolls of fog {unknown}
 E - 2 scrolls of summoning {unknown}
 G - a scroll of enchant armour {unknown}
Potions
 e - 5 potions of heal wounds {unknown}
 g - 3 potions of curing {unknown}
 h - a potion of invisibility {unknown}
 i - 2 potions of berserk rage {unknown}
 o - 3 potions of magic {unknown}
 p - 2 potions of resistance {unknown}
 t - a potion of might
 C - 2 potions of lignification {unknown}
 K - a potion of mutation {unknown}


   Skills:
 + Level 6.5(11.5) Fighting
 + Level 10.4(15.4) Maces & Flails
 + Level 1.4(6.4) Throwing
 + Level 7.2(12.2) Armour
 + Level 3.5(8.5) Dodging
 + Level 0.6(5.6) Stealth
 + Level 5.5(10.5) Shields
 - Level 5.0 Invocations


You had 9 spell levels left.
You didn't know any spells.
Your spell library contained the following spells:

 Spells                   Type           Power      Damage    Failure   Level
 Kiss of Death            Conj/Necr      0%         2d5       87%         1
 Confusing Touch          Hex            0%         N/A       99%         3
 Frozen Ramparts          Ice            0%         1d1       99%         3
 Dispel Undead            Necr           0%         3d6       100%        4
 Call Canine Familiar     Summ           Unusable   N/A       N/A         3
 Summon Mana Viper        Hex/Summ       Unusable   N/A       N/A         5
 Spellforged Servitor     Conj/Summ      Unusable   N/A       N/A         7

Dungeon Overview and Level Annotations

Branches:
Dungeon (8/15)             Temple (1/1) D:7           Sewer (visited)
   Lair: D:8-11

Altars:
Ashenzari
Cheibriados
Dithmenos
Elyvilon
Fedhas
Gozag
Hepliaklqana
Kikubaaqudgha
Makhleb
Nemelex Xobeh
Okawaru
Qazlal
Ru
Sif Muna
Trog
Uskayaw
Vehumet
Wu Jian
Xom
Yredelemnul
Zin
The Shining One

Annotations:
D:8 1 transporter, fedepesso's ghost, novice TrSh


Innate Abilities, Weirdness & Mutations

You are immune to sickness and miasma.
Your stone body is resilient. (AC +7)
You are immune to poison.
You resist negative energy. (rN+)
You are resistant to electric shocks. (rElec)
You are resistant to unholy torment.
You are immune to petrification.


Message History

You block the killer bee's attack. You block fedepesso's ghost's attack.
The killer bee closely misses you.
You hit fedepesso's ghost.
Fedepesso's ghost is lightly damaged.
The killer bee closely misses you. Fedepesso's ghost hits you!
The killer bee closely misses you.
You closely miss fedepesso's ghost.
Fedepesso's ghost is lightly damaged.
The killer bee stings you but does no damage.
Fedepesso's ghost hits you! The killer bee closely misses you.
You closely miss fedepesso's ghost.
Fedepesso's ghost is lightly damaged.
The killer bee stings you.
Fedepesso's ghost hits you but does no damage.
You are too injured to fight recklessly!
You are too injured to fight recklessly!
You are too injured to fight recklessly!
You are too injured to fight recklessly!
You are too injured to fight recklessly!
You are too injured to fight recklessly!
You are too injured to fight recklessly!
You are too injured to fight recklessly!
You are too injured to fight recklessly!
You are too injured to fight recklessly!
You are too injured to fight recklessly!
You are too injured to fight recklessly!
You are too injured to fight recklessly!
You are too injured to fight recklessly!
You are too injured to fight recklessly!
You are too injured to fight recklessly!
You are too injured to fight recklessly!
Unknown command.
You gain the combat prowess of a mighty hero.
You block the killer bee's attack. The killer bee closely misses you.
Fedepesso's ghost hits you.
You barely miss fedepesso's ghost.
Fedepesso's ghost is lightly damaged.
The killer bee stings you but does no damage.
You block the killer bee's attack. Fedepesso's ghost hits you!!
You die...

..###### #..............
#...J..#####
#.######...####
######.....#
#####.#######......
#####.#
##.........####.....
#.###..###.###..####....
#.....#########..# #####
###..###.###y###.# ##
#..##...#..y##.# ####.
#..##@###.####.###.#..
#..##Wy.#...##.##.....
##..#.#.#!#.#.#......##
#^..#..#...#.(#......#
#..©#©.#.#.#.y#©.....#
#...#..#..y#.y#..##..##
##..#.#.#.#.#y#..##....
#..##...#...##..#..##.
#..##y###.#.##...#.#..


You could see a killer bee and fedepesso's ghost.

Vanquished Creatures
  Maurice (D:7)
  Maggie (D:8)
  2 wyverns (D:8)
  A steam dragon (D:6)
  An acid dragon (D:8)
  An orc warrior (D:8)
  Pargi (Sewer)
  4 ice beasts
  4 sky beasts (D:7)
  3 black bears
  3 centaurs
  2 kobold brigands
  3 bullfrogs
  A brain worm (Sewer)
  A gnoll sergeant (D:8)
  3 scorpions
  13 wights
  2 killer bees (D:8)
  A howler monkey (D:6)
  A quasit (D:6)
  2 hounds (D:6)
  2 jellies
  A bombardier beetle (D:6)
  3 orc priests
  2 gnoll boudas
  2 sleepcaps
  2 orc wizards
  Robin (D:3)
  11 gnolls
  6 adders
  2 river rats (D:3)
  2 white imps
  4 ufetubi
  5 dart slugs
  3 ribbon worms
  21 orcs
  4 endoplasms
  5 giant cockroaches
  16 goblins
  8 hobgoblins
  11 jackals
  A quokka (D:1)
  8 ball pythons
  3 bats
  5 frilled lizards
  2 goblin skeletons (D:6)
  A goblin zombie (D:6)
  A hobgoblin zombie (D:6)
  15 kobolds
  A kobold skeleton (D:6)
  4 kobold zombies (D:6)
  2 orc skeletons (D:6)
  2 orc zombies (D:6)
  13 rats
220 creatures vanquished.

Vanquished Creatures (others)
  A howler monkey (D:8)
1 creature vanquished.

Grand Total: 221 creatures vanquished

Notes
Turn   | Place    | Note
-------+----------+-------------------------------------------
     0 | D:1      | AdnanSaban the Gargoyle Fighter began the quest for the
                  | Orb.
     0 | D:1      | Reached XP level 1. HP: 14/14 MP: 1/1
    76 | D:1      | Reached XP level 2. HP: 9/19 MP: 2/2
   479 | D:1      | Reached XP level 3. HP: 21/23 MP: 3/3
  1331 | D:3      | Identified the +0 helmet of Joy {Slay+5}
  1331 | D:3      | Noticed Robin
  1348 | D:2      | Reached XP level 4. HP: 19/28 MP: 4/4
  1350 | D:2      | Reached skill level 3 in Maces & Flails
  1417 | D:3      | Found a bloodstained altar of Trog.
  1548 | D:3      | Identified the orb of the Past {light, *Slow rC+ Conj}
  1646 | D:3      | Found a glowing drain.
  1661 | Sewer    | Entered a sewer
  1715 | Sewer    | Noticed Pargi
  1730 | Sewer    | Killed Pargi
  1731 | Sewer    | Reached skill level 4 in Maces & Flails
  1731 | Sewer    | Reached XP level 5. HP: 21/33 MP: 5/5
  1850 | Sewer    | Reached skill level 1 in Dodging
  1850 | Sewer    | Reached XP level 6. HP: 13/38 MP: 1/6
  2093 | D:3      | Killed Robin
  2457 | D:3      | Found a hazy altar of Hepliaklqana.
  2708 | D:4      | Reached skill level 5 in Maces & Flails
  2715 | D:4      | Found an opulent altar of Gozag.
  2901 | D:3      | Found a sparkling altar of Nemelex Xobeh.
  3072 | D:4      | Reached XP level 7. HP: 19/42 MP: 7/7
  3787 | D:5      | Entered Level 5 of the Dungeon
  3848 | D:5      | Found a burning altar of Makhleb.
  4199 | D:5      | Found an iron altar of Okawaru.
  4216 | D:5      | Found a basalt altar of Yredelemnul.
  4234 | D:5      | Became a worshipper of Warmaster Okawaru
  4457 | D:5      | Reached skill level 5 in Armour
  4588 | D:6      | Reached skill level 6 in Maces & Flails
  4597 | D:6      | Reached XP level 8. HP: 37/48 MP: 8/8
  4599 | D:6      | Reached * piety under Okawaru
  4703 | D:6      | Identified the +10 short sword "Yfopegg" {drain, SInv}
  4768 | D:6      | Found a glowing golden altar of the Shining One.
  4811 | D:6      | Found a white marble altar of Elyvilon.
  4839 | D:6      | Reached skill level 1 in Invocations
  4961 | D:6      | Reached skill level 7 in Maces & Flails
  5040 | D:6      | Reached skill level 5 in Fighting
  5414 | D:6      | Reached ** piety under Okawaru
  5415 | D:6      | Reached skill level 8 in Maces & Flails
  5415 | D:6      | Reached XP level 9. HP: 54/54 MP: 11/11
  5697 | D:7      | Reached skill level 5 in Shields
  5726 | D:7      | Noticed Maurice
  5741 | D:7      | Something stole 349 gold
  5755 | D:7      | Killed Maurice
  5755 | D:7      | Reached *** piety under Okawaru
  5833 | D:7      | Found a staircase to the Ecumenical Temple.
  5840 | D:7      | Got the Almanac of Numb Adjuration
  5844 | Temple   | Entered the Ecumenical Temple
  5881 | D:7      | Reached skill level 9 in Maces & Flails
  6002 | D:7      | Reached skill level 1 in Throwing
  6170 | D:7      | Found an ancient bone altar of Kikubaaqudgha.
  6465 | D:8      | Reached XP level 10. HP: 60/60 MP: 13/13
  6512 | D:8      | Reached skill level 5 in Invocations
  6600 | D:8      | Noticed Maggie
  6614 | D:8      | Killed Maggie
  6614 | D:8      | Reached **** piety under Okawaru
  6780 | D:8      | Found a hide-covered altar of Uskayaw.
  6894 | D:8      | Reached skill level 10 in Maces & Flails
  6951 | D:8      | Found a transporter.
  6953 | D:8      | Found a transporter.
  6954 | D:8      | Noticed fedepesso's ghost (novice TrSh)
  7057 | D:8      | Found a shadowy altar of Dithmenos.
  7177 | D:8      | Found a shimmering altar of Xom.
  7184 | D:8      | Found a sacrificial altar of Ru.
  7474 | D:8      | Slain by fedepesso's ghost

Illustrated notes

Levels and vault maps discovered:
D:1:      beargit_arrival_greenhouse, layout_rooms, serial_curves,
          eino_curves_04, eino_curves_04, eino_curves_01, eino_curves_02
D:2:      layout_basic, nicolae_concentric_dashed_squares_wild
D:3:      layout_rooms, nicolae_overflow_hidden_temple,
          mainiacjoe_overflow_alcove_1, portal_sewer_entry_e,
          grunt_ministairs_2, uniq_robin
D:4:      layout_loops_corners, nicolae_gozag_cash_rules_everything_around_me,
          kennysheep_path_1, serial_bayou_lagoon_a, uniq_menkaure
D:5:      nicolae_cairo_tiling, layout_rooms, mainiacjoe_overflow_cross_hatched,
          mainiacjoe_overflow_24_doors, okawaru_metal_pillars_3
D:6:      layout_gridville, nicolae_tso_besieged_by_evil, lemuel_doored_altar
D:7:      layout_basic, mainiacjoe_overflow_alcove_2,
          minmay_temple_entry_offerings, minmay_quadrilaterals, uniq_maurice
D:8:      layout_cave_pools, amethyst_overflow_temple_binary,
          amcnicky_altar_gilded, mainiacjoe_overflow_boulevard,
          gammafunk_ghost_hive, hangedman_minor_gate_pass, uniq_erica,
          uniq_maggie
Temple:   hellmonk_temple_of_storms

Skill      XL: |  1  2  3  4  5  6  7  8  9 10 |
---------------+-------------------------------+-----
Armour         | 4 5 6 7 |  7.2
Maces & Flails | 4 5 6 8 9 10 | 10.4
Dodging        | 1 2 3 |  3.5
Shields        | 4 5 |  5.5
Fighting       | 4 5 6 |  6.5
Invocations    | 3 4 5 |  5.0
Throwing       | 1 |  1.4
Stealth        | |  0.6

Action                     |  1- 3 |  4- 6 |  7- 9 | 10-12 || total
---------------------------+-------+-------+-------+-------++-------
  Melee: Flail             |   153 |   193 |   225 |   118 ||   689
         Whip              |       |       |    69 |       ||    69
  Throw: Dart              |       |       |    11 |       ||    11
 Invoke: Heroism           |       |       |       |     2 ||     2
    Use: Potion            |       |     1 |       |       ||     1
 Armour: Scale mail        |   114 |       |       |       ||   114
         Chain mail        |    32 |   198 |   275 |   100 ||   605
  Dodge: Dodged            |    92 |   123 |   129 |    58 ||   402
  Block: Buckler           |    42 |    56 |    64 |    41 ||   203
